 Dungeon Crawl Stone Soup version 0.20-a0-1101-g1de9d76 (webtiles) character file.

105 grindst0ne the Covered (level 4, -1/29 HPs)
             Began as a Gargoyle Fighter on May 4, 2017.
             Slain by a goblin (3 damage)
             ... led by Robin
             ... on level 2 of the Dungeon.
             The game lasted 00:04:45 (1122 turns).

grindst0ne the Covered (Gargoyle Fighter)           Turns: 1122, Time: 00:04:47

Health: -1/29      AC: 13    Str: 20    XL:     4   Next: 83%
Magic:  4/4        EV:  7    Int:  9    God:
Gold:   99         SH:  9    Dex:  9    Spells: 3/3 levels left

rFire    . . .     SeeInvis .   a - +0 flail
rCold    . . .     Gourm    .   c - +0 shield
rNeg     + . .     Faith    .   b - +0 scale mail
rPois    ∞         Spirit   .   (no helmet)
rElec    +         Reflect  .   (no cloak)
rCorr    .         Harm     .   g - +0 pair of gloves
MR       .....                  m - +0 pair of boots
Stlth    ..........             (no amulet)
Regen    0.1/turn               (no ring)
MPRegen  0.1/turn               (no ring)

@: no status effects
A: negative energy resistance 1, electricity resistance, unbreathing,
petrification resistance, rot immunity, AC +3
a: no special abilities


You were on level 2 of the Dungeon.
You were not hungry.

You visited 1 branch of the dungeon, and saw 2 of its levels.

You collected 99 gold pieces.

Inventory:

Hand Weapons
 a - a +0 flail (weapon)
Armour
 b - a +0 scale mail (worn)
 c - a +0 shield (worn)
 g - a +0 pair of gloves (worn)
 i - a +0 pair of gloves
 m - a +0 pair of boots (worn)
Potions
 d - a potion of might
 h - 2 potions of lignification {unknown}
 l - 2 potions of flight {unknown}
Comestibles
 f - 3 bread rations
 n - a meat ration
 p - 4 fruits


   Skills:
 + Level 3.9 Fighting
 + Level 3.2 Maces & Flails
 + Level 4.2 Armour
 - Level 0.2 Dodging
 - Level 3.7 Shields


You had 3 spell levels left.
You didn't know any spells.

Dungeon Overview and Level Annotations

Branches:
Dungeon (2/15)

Altars:

Annotations:
D:2 Natasha, Robin


Innate Abilities, Weirdness & Mutations

You are resistant to torment.
Your stone body is resilient. (AC +3)
You are immune to poison.
You resist negative energy. (rN+)
You are resistant to electric shocks. (rElec)
You can survive without breathing.
You are immune to petrification.
You are immune to rotting.


Message History

You are too injured to fight recklessly!
You are too injured to fight recklessly!
You are too injured to fight recklessly!
You are too injured to fight recklessly!
You are too injured to fight recklessly!
You are too injured to fight recklessly!
You are too injured to fight recklessly!
You are too injured to fight recklessly!
You closely miss the goblin. You block the goblin's attack.
The goblin hits you but does no damage. x3; Natasha barely misses you.
The hobgoblin hits you but does no damage.
You block the hobgoblin's attack. The goblin hits you but does no damage.
You closely miss the goblin. The goblin hits you but does no damage.
The goblin completely misses you. The goblin barely misses you.
Natasha claws you but does no damage. The hobgoblin hits you with a club.
* * * LOW HITPOINT WARNING * * *
The hobgoblin hits you.
* * * LOW HITPOINT WARNING * * *
The goblin hits you.
You die...

.........####
#.#.# #
######...# #.#.#
# #...# # #.#.# #
#...## .# #.#.# #
#....###..# #
#..#......#
####..###.##
#####gg#....%
#...g@gg......
#...gghg)#.##.
#...'....ggK.....
#...#........#.#.
#.. #........#.#
#. ....$........
#.####...%.....
... #........ ##
#(.......


You could see Robin, Natasha, 2 hobgoblins, 7 goblins and a kobold.

Vanquished Creatures
  Jessica (D:2)
  Natasha (twice) (D:2)
  A worm (D:2)
  3 giant cockroaches
  A goblin (D:1)
  6 hobgoblins
  4 jackals
  A kobold (D:2)
  5 bats
  2 rats (D:2)
26 creatures vanquished.

Notes
Turn   | Place    | Note
-------+----------+-------------------------------------------
     0 | D:1      | grindst0ne the Gargoyle Fighter began the quest for the Orb.
     0 | D:1      | Reached XP level 1. HP: 14/14 MP: 1/1
   179 | D:1      | Reached XP level 2. HP: 19/19 MP: 2/2
   507 | D:2      | Noticed Natasha
   513 | D:2      | Killed Natasha
   513 | D:2      | Reached XP level 3. HP: 23/23 MP: 3/3
   950 | D:2      | Noticed Jessica
   965 | D:2      | Killed Jessica
   965 | D:2      | Reached skill level 4 in Armour
   965 | D:2      | Reached XP level 4. HP: 28/28 MP: 4/4
  1090 | D:2      | Noticed Natasha
  1094 | D:2      | Killed Natasha
  1110 | D:2      | Noticed Natasha
  1110 | D:2      | Noticed Robin
  1122 | D:2      | Slain by a goblin

Vault maps used:
D:1:      minmay_arrival_four_loops
D:2:      st_stairs_9, due_unseen_surprise, uniq_jessica, uniq_robin,
          uniq_natasha

Skill      XL: |  1  2  3 |
---------------+----------+-----
Maces & Flails | 3 |  3.2
Armour         | 4 |  4.2
Fighting       | |  3.9
Dodging        | |  0.2
Shields        | |  3.7

Action                   |  1- 3 |  4- 6 || total
-------------------------+-------+-------++-------
Melee: Flail             |    93 |    25 ||   118
  Use: Scroll            |     5 |       ||     5
  Eat: Chunk             |       |     1 ||     1
Armor: Scale mail        |   150 |    34 ||   184
Dodge: Dodged            |    79 |    23 ||   102
Block: Shield            |   138 |    25 ||   163
